 Dungeon Crawl Stone Soup version 0.25.1-2-g60ff931df9 (webtiles) character file.

Game seed: 2613418253073711794

1230 gruber the Changer (level 8, -6/59 HPs)
             Began as a Purple Draconian Transmuter on Oct 4, 2020.
             Mangled by Menkaure (10 damage)
             ... on level 6 of the Dungeon.
             The game lasted 00:07:42 (6777 turns).

gruber the Changer (Purple Draconian Transmuter)    Turns: 6777, Time: 00:07:43

Health: -6/59      AC:  2    Str: 12    XL:     8   Next: 24%
Magic:  0/14       EV: 22    Int: 16    God:
Gold:   270        SH:  0    Dex: 17    Spells: 5/15 levels left

rFire    . . .     SeeInvis .     - Unarmed
rCold    . . .     Gourm    .   (shield currently unavailable)
rNeg     . . .     Faith    .   (armour unavailable)
rPois    x         Spirit   +   (helmet currently unavailable)
rElec    .         Reflect  .   (cloak currently unavailable)
rCorr    .         Harm     .   (gloves currently unavailable)
MR       +....                  (boots currently unavailable)
Stlth    ++........             l - amulet of guardian spirit
HPRegen  0.19/turn              (no ring)
MPRegen  0.14/turn              (no ring)

@: spider-form, very slightly contaminated
A: tiny, (breathe power), unfitting armour, AC +6
a: End Transformation


You were on level 6 of the Dungeon.
You were not hungry.
You were a venomous arachnid creature.
You visited 1 branch of the dungeon, and saw 6 of its levels.
You also visited: Sewer.

You collected 270 gold pieces.

Inventory:

Missiles
 a - 155 arrows
 k - 55 poisoned darts (quivered)
Armour
 g - a +0 pair of gloves (melded)
 m - a +0 cloak (melded)
 q - a +0 pair of boots (melded)
Jewellery
 l - an amulet of guardian spirit (around neck)
Wands
 v - a wand of acid (8)
 w - a wand of polymorph (7)
 x - a wand of random effects (19)
Scrolls
 f - 2 scrolls of amnesia {unknown}
 h - 4 scrolls of remove curse
 i - 2 scrolls of enchant armour {unknown}
 o - a scroll of immolation {unknown}
 s - a scroll of magic mapping {unknown}
 u - 3 scrolls of fear {unknown}
 y - 4 scrolls of teleportation {unknown}
 z - a scroll of summoning {unknown}
Potions
 d - 2 potions of heal wounds
 e - 2 potions of resistance
 j - 4 potions of stabbing
 n - a potion of brilliance
 p - 3 potions of might
 r - 2 potions of curing
 t - 3 potions of flight
Comestibles
 b - 7 chunks of flesh
 c - 11 rations


   Skills:
 - Level 1.1 Fighting
 - Level 4.1 Dodging
 - Level 5.0 Unarmed Combat
 - Level 4.2 Spellcasting
 * Level 6.2 Transmutations
 - Level 3.0 Ice Magic
 - Level 2.2 Poison Magic


You had 5 spell levels left.
You knew the following spells:

 Your Spells              Type           Power        Failure   Level  Hunger
a - Beastly Appendage     Tmut           ###...       6%          1    None
b - Sticks to Snakes      Tmut           ###.....     8%          2    ##.....
c - Spider Form           Tmut/Pois      ###.......   22%         3    ###....
d - Ice Form              Ice/Tmut       ###.....     45%         4    ####...

Your spell library contained the following spells:

 Spells                   Type           Power        Failure   Level  Hunger
 Blade Hands              Tmut           ###.......   56%         5    ######.


Dungeon Overview and Level Annotations

Branches:
Dungeon (6/15)              Sewer (visited)
 Temple: D:4-7

Altars:
Ashenzari
Cheibriados
Elyvilon
Hepliaklqana
Makhleb
Okawaru
Ru
Wu Jian
Xom

Annotations:
D:6 Menkaure


Innate Abilities, Weirdness & Mutations

((You can breathe bolts of dispelling energy.))
((Your rich purple scales are hard. (AC +6)))
You cannot fit into any form of body armour.
((You are cold-blooded and may be slowed by cold attacks.))


Message History

Menkaure is heavily damaged.
Menkaure closely misses you.
You hit Menkaure.
Menkaure is heavily damaged.
Menkaure hits you!!
* * * LOW HITPOINT WARNING * * *
You hit Menkaure.
Menkaure is severely damaged.
Menkaure calls on the powers of darkness!
Your body is wracked with pain!
* * * LOW HITPOINT WARNING * * *
You hit Menkaure.
Menkaure is severely damaged.
Menkaure calls on the powers of darkness!
Your body is wracked with pain!
* * * LOW HITPOINT WARNING * * *
You hit Menkaure.
Menkaure is almost destroyed.
Menkaure hits you!
You die...

#############
##.#.#...#.#.### ###
...#...#...#...#
..### .#...#.#.#...#
....#
.#...#.#.#...####...#
...#...#...#...#..##
.#.#.#...#.#.#..sM.#
.#############.....#
.<)....# #..##..#
.).....# #.#.. .....
.......# ...#...
#....
##.#............#.#
.)..
..#..........###..
... #............ ...
.. .........


You could see Menkaure (fast).

Vanquished Creatures
  Duvessa (D:6)
  Purgy (Sewer)
  3 ogres
  Blork the orc (D:5)
  Dowan (D:6)
  A howler monkey (D:4)
  A jelly (D:5)
  2 orc priests
  2 hounds (D:5)
  An orc wizard (D:5)
  Jessica (D:2)
  A worker ant (D:5)
  Natasha (thrice) (D:2)
  3 gnolls (D:5)
  12 adders
  6 river rats (D:5)
  A shadow imp (D:3)
  An ooze (D:2)
  An adder skeleton (D:4)
  3 worms (D:3)
  6 dart slugs
  3 leopard geckos
  12 orcs
  8 ball pythons
  2 giant cockroaches
  6 goblins
  7 hobgoblins
  7 jackals
  5 kobolds
  5 quokkas
  5 bats
  9 frilled lizards
  A leopard gecko skeleton (D:5)
  12 rats
134 creatures vanquished.

Vanquished Creatures (collateral kills)
  An orc (D:3)
1 creature vanquished.

Grand Total: 135 creatures vanquished

Notes
Turn   | Place    | Note
-------+----------+-------------------------------------------
     0 | D:1      | gruber the Draconian Transmuter began the quest for the
                  | Orb.
     0 | D:1      | Reached XP level 1. HP: 16/16 MP: 3/3
   495 | D:1      | Reached XP level 2. HP: 18/23 MP: 5/5
   913 | D:2      | Noticed Natasha
   921 | D:2      | Killed Natasha
   921 | D:2      | Reached XP level 3. HP: 11/28 MP: 4/6
  1110 | D:2      | Learned a level 2 spell: Sticks to Snakes
  1114 | D:2      | Learned a level 3 spell: Spider Form
  1298 | D:2      | Noticed Jessica
  1304 | D:2      | Killed Jessica
  1304 | D:2      | Reached skill level 5 in Unarmed Combat
  1304 | D:2      | Reached XP level 4. HP: 31/35 MP: 5/7
  1671 | D:2      | Noticed Natasha
  1688 | D:2      | Reached skill level 1 in Poison Magic
  1699 | D:2      | Killed Natasha
  1716 | D:2      | Noticed Natasha
  1724 | D:2      | Killed Natasha
  1724 | D:2      | Reached XP level 5. HP: 9/40 MP: 4/8
  2723 | D:3      | Reached skill level 3 in Transmutations
  3528 | D:3      | Reached skill level 4 in Transmutations
  3717 | D:4      | Reached XP level 6. HP: 30/47 MP: 4/9
  4137 | D:4      | Found a snail-covered altar of Cheibriados.
  4761 | D:5      | Entered Level 5 of the Dungeon
  4888 | D:5      | Your scales start taking on a rich purple colour.
  4888 | D:5      | Reached XP level 7. HP: 32/52 MP: 10/10
  4900 | D:5      | Found a hazy altar of Hepliaklqana.
  5174 | D:5      | Learned a level 4 spell: Ice Form
  5201 | D:5      | Reached skill level 1 in Ice Magic
  5216 | D:5      | Found a glowing drain.
  5222 | Sewer    | Entered a sewer
  5353 | Sewer    | Noticed Purgy
  5365 | Sewer    | Killed Purgy
  5902 | D:5      | Found a sacrificial altar of Ru.
  5902 | D:5      | Found an iron altar of Okawaru.
  5902 | D:5      | Found a shimmering altar of Xom.
  5903 | D:5      | Found a white marble altar of Elyvilon.
  5904 | D:5      | Found an ornate altar of the Wu Jian Council.
  5904 | D:5      | Found a burning altar of Makhleb.
  5905 | D:5      | Found a shattered altar of Ashenzari.
  6247 | D:5      | Reached skill level 5 in Transmutations
  6247 | D:5      | Reached XP level 8. HP: 54/59 MP: 10/14
  6512 | D:6      | Noticed Blork the orc
  6512 | D:6      | Noticed Duvessa
  6513 | D:6      | Noticed Dowan
  6525 | D:5      | Killed Blork the orc
  6587 | D:6      | Killed Dowan
  6591 | D:6      | Killed Duvessa
  6591 | D:6      | Reached skill level 6 in Transmutations
  6765 | D:6      | Noticed Menkaure
  6777 | D:6      | Mangled by Menkaure

Illustrated notes

Levels and vault maps discovered:
D:1:      beargit_arrival_greenhouse, layout_basic
D:2:      layout_basic, first_ration, supply_closet_lemuel, uniq_jessica,
          uniq_natasha
D:3:      layout_basic, minmay_pentangle
D:4:      layout_loops_ring, kennysheep_slug_shrine, minmay_bisected
D:5:      layout_loops_ring, overflow_temple_1_default,
          grunt_temple_overflow_open, lightli_sewer_entry_pipes
D:6:      layout_cave_pools, nicolae_overflow_hidden_temple,
          minmay_temple_entry_waves, minmay_misc_feat_alley, grunt_ministairs_7,
          uniq_blork_the_orc, uniq_menkaure, uniq_duvessa

Skill      XL: |  1  2  3  4  5  6  7  8 |
---------------+-------------------------+-----
Unarmed Combat | 4 5 |  5.0
Poison Magic   | 2 |  2.2
Transmutations | 4 5 6 |  6.2
Dodging        | 2 4 |  4.1
Spellcasting   | 4 |  4.2
Ice Magic      | 3 |  3.0
Fighting       | |  1.1

Action                   |  1- 3 |  4- 6 |  7- 9 || total
-------------------------+-------+-------+-------++-------
Melee: Unarmed           |    86 |   269 |   151 ||   506
       Tailslap          |     9 |    19 |     3 ||    31
       Punch             |     2 |     5 |       ||     7
       Headbutt          |       |     9 |       ||     9
Throw: Dart              |       |     5 |       ||     5
 Cast: Beastly Appendage |     3 |     7 |     1 ||    11
       Spider Form       |       |     9 |    19 ||    28
       Sticks to Snakes  |       |     3 |       ||     3
 Abil: Breathe Dispellin |       |       |     1 ||     1
  Use: Scroll            |       |       |     8 ||     8
  Eat: Chunk             |     1 |    14 |     8 ||    23
Armor: Skin              |    22 |    74 |    10 ||   106
Dodge: Dodged            |    49 |   175 |   150 ||   374
